 Dungeon Crawl Stone Soup version 0.28.0-45-g0d030f2227 (webtiles) character file.

Game seed: 11396148714912754061

249 NinjaNoafa the Shield-Bearer (level 5, -2/51 HPs)
             Began as a Minotaur Fighter on Apr 12, 2022.
             Slain by Pikel
             ... wielding a +0 whip of flaming
              (6 damage)
             ... on level 3 of the Dungeon.
             The game lasted 00:06:14 (2673 turns).

NinjaNoafa the Shield-Bearer (Minotaur Fighter)     Turns: 2673, Time: 00:06:14

Health: -2/51      AC: 11    Str: 23    XL:     5   Next: 87%
Magic:  4/4        EV:  9    Int:  7    God:
Gold:   43         SH:  4    Dex:  9    Spells: 4/4 levels left

rFire   . . .      SeeInvis .   d - +3 whip (flame)
rCold   . . .      Faith    .   c - +0 buckler
rNeg    . . .      Spirit   .   b - +0 scale mail
rPois   .          Reflect  .   (helmet restricted)
rElec   .          Harm     .   (no cloak)
rCorr   .          Rampage  .   q - +2 pair of gloves
Will    .....                   f - +0 pair of boots
Stlth   ..........              (no amulet)
HPRegen 0.00/turn               (no ring)
MPRegen 0.09/turn               (no ring)

@: weak-willed, inhibited regen
A: horns 2, retaliatory headbutt, clever 1, sense surroundings 1, robust 1,
inhibited regeneration
a: no special abilities


You were on level 3 of the Dungeon.
You visited 1 branch of the dungeon, and saw 4 of its levels.

You collected 43 gold pieces.

Inventory:

Hand Weapons
 a - a +0 flail
 d - a +3 whip of flaming (weapon)
 i - a +2 dagger of pain
 k - a +1 vorpal hand axe
 y - a +2 dagger of flaming
Missiles
 e - 91 stones (quivered)
 r - a throwing net
Armour
 b - a +0 scale mail (worn)
 c - a +0 buckler (worn)
 f - a +0 pair of boots (worn)
 m - a +0 leather armour of fire resistance
 q - a +2 pair of gloves (worn)
Jewellery
 s - an amulet of guardian spirit
Scrolls
 v - a scroll of noise
 x - a scroll of teleportation {unknown}
Potions
 h - a potion of curing
 l - a potion of resistance
 t - a potion of mutation


   Skills:
 + Level 4.9 Fighting
 - Level 3.2(3.9) Axes
 + Level 3.0(3.8) Maces & Flails
 + Level 4.9 Armour
 + Level 5.0 Shields


You had 4 spell levels left.
You didn't know any spells.
Your spell library contained the following spells:

 Spells                   Type           Power      Damage    Failure   Level
 Sublimation of Blood     Necr           0%         N/A       91%         2
 Wereblood                Tmut           0%         N/A       91%         2
 Summon Hydra             Summ           0%         N/A       100%        7


Dungeon Overview and Level Annotations

Branches:
Dungeon (4/15)
 Temple: D:4-7

Altars:
Yredelemnul

Annotations:
D:3 Pikel


Innate Abilities, Weirdness & Mutations

You have a pair of horns on your head.
You reflexively headbutt those who attack you in melee.
Your mind is acute. (Int +2)
You passively map a small area around you.
You are robust. (+10% HP)
You do not regenerate when monsters are visible.


Message History

Your +2 whip of venom glows red for a moment.
You block the adder's attack. You block Pikel's attack.
The lemure hits you but does no damage. The adder bites you but does no damage.
The adder bites you.
You are poisoned.
The adder poisons you!
You feel sick. Pikel hits you but does no damage.
You feel sick.
You feel sick.
As you read the scroll labelled FAOSIXOESCH, it crumbles to dust.
It is a scroll of brand weapon.
Your +3 whip of venom is engulfed in flames!
d - a +3 whip of flaming (weapon)
You feel sick. Pikel hits you but does no damage.
Okay, then.
Okay, then.
Level annotation: Pikel Welcome back, NinjaNoafa the Minotaur Fighter.
Press ? for a list of commands and other information.
No previous command to re-do.
As you read the scroll labelled HUGGICL TEUFE, it crumbles to dust.
It is a scroll of amnesia.
You feel forgetful for a moment.
You feel sick.
You are no longer poisoned.
You block Pikel's attack.
As you read the scroll labelled DUUSOE WETYDIY, it crumbles to dust.
Your body is wracked with pain!
* * * LOW HITPOINT WARNING * * *
Pikel convulses!
It was a scroll of torment.
You block Pikel's attack.
As you read the scroll labelled MADAPI LYVVAGA, it crumbles to dust.
It is a scroll of identify.
v - a scroll of noise Pikel hits you with a +0 whip of flaming.
* * * LOW HITPOINT WARNING * * *
Pikel burns you.
* * * LOW HITPOINT WARNING * * *
As you read the scroll labelled ADOGAU CORGHU, it crumbles to dust.
Magic quickly surges around you.
It was a scroll of vulnerability.
Pikel hits you with a +0 whip of flaming.
You die...

#.##..#.#..#[#####
#.##..............
#.##.........###.#
#.##.......#.#....
#..........#.####.
#.####..#.##.####.
#.####..#.........
#.##..............
#@#.>.............
#K#S.)#.#.#.###.##
#5#...#.#.#.###.##
#S....#.#.........
###...###.#.##..##
#...###.#.##..#
#....##.#.##..#
#....##.#.##..##
##..............


You could see Pikel (poisoned, weak-willed), a lemure (weak-willed) and an adder
(weak-willed).

Vanquished Creatures
  A necrophage (D:4)
  Robin (D:4)
  3 adders (D:2)
  5 gnolls (D:3)
  A worm (D:2)
  A dart slug (D:2)
  An orc (D:3)
  7 endoplasms
  2 giant cockroaches
  10 goblins
  7 hobgoblins
  3 quokkas
  5 ball pythons
  4 bats
  2 frilled lizards
  7 kobolds
  6 rats
66 creatures vanquished.

Notes
Turn   | Place    | Note
-------+----------+-------------------------------------------
     0 | D:1      | NinjaNoafa the Minotaur Fighter began the quest for the
                  | Orb.
     0 | D:1      | Reached XP level 1. HP: 19/19 MP: 0/0
   576 | D:1      | Reached XP level 2. HP: 22/27 MP: 1/1
  1182 | D:2      | Reached skill level 1 in Axes
  1272 | D:2      | Reached XP level 3. HP: 33/33 MP: 2/2
  1281 | D:2      | Reached skill level 4 in Shields
  1281 | D:2      | Found a faded altar of an unknown god.
  1458 | D:2      | You fall into a shaft and drop 1 floor!
  1537 | D:3      | Reached XP level 4. HP: 39/40 MP: 3/3
  1793 | D:3      | Found a basalt altar of Yredelemnul.
  2403 | D:4      | Noticed Robin
  2411 | D:4      | Killed Robin
  2412 | D:4      | Reached XP level 5. HP: 45/47 MP: 4/4
  2523 | D:4      | Noticed a necrophage
  2534 | D:4      | Killed a necrophage
  2559 | D:4      | Noticed Pikel
  2559 | D:4      | Noticed a lemure
  2559 | D:4      | Noticed a necrophage
  2559 | D:4      | Noticed a lemure
  2581 | D:4      | Gained mutation: You passively map a small area around you.
                  | [potion of mutation]
  2581 | D:4      | Gained mutation: You do not regenerate when monsters are
                  | visible. [potion of mutation]
  2581 | D:4      | Gained mutation: You are robust. (+10% HP) [potion of
                  | mutation]
  2581 | D:4      | Gained mutation: Your mind is acute. (Int +2) [potion of
                  | mutation]
  2634 | D:3      | Reached skill level 5 in Shields
  2657 | D:4      | Noticed a lemure
  2673 | D:3      | Slain by Pikel

Illustrated notes

Levels and vault maps discovered:
D:1:      enne_arrival_octagon_isle, layout_basic,
          nicolae_concentric_dashed_squares_wild, moated_statue
D:2:      layout_basic, shapermc_ecumenical_altar_pompeii, uniq_jessica
D:3:      layout_basic, mainiacjoe_overflow_six_doors_small
D:4:      layout_basic, overflow_temple_1_default, minmay_manual_moon,
          uniq_pikel, uniq_robin

Skill      XL: |  1  2  3  4  5 |
---------------+----------------+-----
Axes           | 2 3 |  3.2
Fighting       | 4 |  4.9
Armour         | 4 |  4.9
Shields        | 4 5 |  5.0
Maces & Flails | 3 |  3.0

Action                   |  1- 3 |  4- 6 || total
-------------------------+-------+-------++-------
Melee: Flail             |    23 |       ||    23
       Headbutt          |     4 |     9 ||    13
       Hand axe          |    44 |    43 ||    87
       Dagger            |     2 |       ||     2
       Whip              |       |    16 ||    16
Throw: Javelin           |       |     5 ||     5
  Use: Potion            |       |     5 ||     5
       Scroll            |       |     6 ||     6
Armor: Scale mail        |    33 |    48 ||    81
Dodge: Dodged            |    41 |    40 ||    81
Block: Buckler           |    10 |    20 ||    30
